 Dungeon Crawl Stone Soup version 0.20-a0-1074-g6a0a8e1 (webtiles) character file.

119 dvd the Magician (level 4, -2/24 HPs)
             Began as a Deep Elf Air Elementalist on Apr 29, 2017.
             Killed from afar by an orc wizard (10 damage)
             ... with a puff of flame
             ... on level 3 of the Dungeon.
             The game lasted 00:07:21 (2177 turns).

dvd the Magician (Deep Elf Air Elementalist)        Turns: 2177, Time: 00:07:21

Health: -2/24      AC:  2    Str:  5    XL:     4   Next: 74%
Magic:  1/12       EV: 13    Int: 21    God:
Gold:   156        SH:  0    Dex: 15    Spells: 3/11 levels left

rFire    . . .     SeeInvis .   d - +0 short sword
rCold    . . .     Gourm    .   (no shield)
rNeg     . . .     Faith    .   a - +0 robe
rPois    .         Spirit   .   (no helmet)
rElec    .         Reflect  .   (no cloak)
rCorr    .         Harm     .   (no gloves)
MR       +....                  (no boots)
Stlth    ++........             q - amulet of magic regeneration
Regen    0.1/turn               i - ring of protection from magic
MPRegen  0.2/turn               (no ring)

@: about to teleport, very slightly contaminated
A: no striking features
a: no special abilities


You were on level 3 of the Dungeon.
You were not hungry.

You visited 1 branch of the dungeon, and saw 3 of its levels.

You collected 156 gold pieces.

Inventory:

Hand Weapons
 d - a +0 short sword (weapon)
Armour
 a - a +0 robe (worn)
Jewellery
 i - a ring of protection from magic (left hand)
 q - an amulet of magic regeneration (around neck)
Scrolls
 e - a scroll of magic mapping {unknown}
 f - a scroll of blinking {unknown}
 g - 3 scrolls of teleportation
 j - 2 scrolls of amnesia {unknown}
 k - 3 scrolls of identify {unknown}
 m - a scroll of fear {unknown}
 n - a scroll of recharging {unknown}
Potions
 h - a potion of ambrosia {unknown}
 l - a potion of might {unknown}
 p - a potion of haste {unknown}
 r - a potion of agility {unknown}
Books
 b - a book of Air

   Spells                             Type                      Level
   a - Shock                          Conjuration/Air              1
   b - Swiftness                      Charms/Air                   2
   c - Static Discharge               Conjuration/Air              3
   d - Airstrike                      Air                          4
   e - Lightning Bolt                 Conjuration/Air              5
Comestibles
 c - 2 bread rations
 o - 4 fruits
 s - a meat ration


   Skills:
 + Level 2.8 Dodging
 + Level 3.2 Stealth
 + Level 4.3 Spellcasting
 + Level 2.1 Conjurations
 + Level 4.0 Air Magic


You had 3 spell levels left.
You knew the following spells:

 Your Spells              Type           Power        Failure   Level  Hunger
a - Shock                 Conj/Air       ###.         3%          1    None
b - Static Discharge      Conj/Air       ###.....     10%         3    ##.....
c - Airstrike             Air            ###.......   22%         4    ####...


Dungeon Overview and Level Annotations

Branches:
Dungeon (3/15)

Altars:


Message History

The orc wizard is heavily wounded.
The orc wizard mumbles some strange words.
The orc wizard flickers and vanishes!
Deactivating autopickup; reactivate with Ctrl-A.
Unknown command.
Casting: Shock
Confirm with . or Enter, or press ? or * to list all spells.
Aiming: Shock
Press: ? - help, Shift-Dir - straight line The zap hits something.
Something hits you.
Unknown command.
You hear some strange, mumbled words.
Something tries to affect you, but you resist.
A puff of flame appears from out of thin air!
The puff of flame hits you!
As you read the scroll labeled SOUZOA ANOAJAK, it crumbles to dust.
You feel strangely unstable.
It was a scroll of teleportation.
A puff of flame appears from out of thin air!
The puff of flame hits you!
You die...

.##.#.......#...####.####...
.##.#.......#...# #.. ...!
..(.#.......#...####.####.###
....#.......#...............
....#.......#...............
.............#+#............
###...#......#.#....)...†...
........####.#.#....).......
###............'@...).......
...............#....†.......
###..##..###.#.#.........##.
...............#.........#
###..##..###.###.........#
.........................#
.##.####.###.###.#########
.##.# #.# #.# #.#
.##.####.###.#


There were no monsters in sight!

Vanquished Creatures
  5 adders (D:2)
  An ooze (D:1)
  A worm (D:2)
  A dart slug (D:2)
  A leopard gecko (D:1)
  4 orcs (D:3)
  4 bats
  4 giant cockroaches
  10 goblins
  5 hobgoblins
  2 jackals (D:1)
  6 kobolds
  A quokka (D:2)
  3 frilled lizards
  11 rats
59 creatures vanquished.

Notes
Turn   | Place    | Note
-------+----------+-------------------------------------------
     0 | D:1      | dvd the Deep Elf Air Elementalist began the quest for the Orb.
     0 | D:1      | Reached XP level 1. HP: 10/10 MP: 6/6
   132 | D:1      | Reached XP level 2. HP: 11/15 MP: 0/8
   635 | D:1      | Reached XP level 3. HP: 19/19 MP: 7/10
   640 | D:1      | Learned a level 3 spell: Static Discharge
  1443 | D:2      | Reached XP level 4. HP: 17/24 MP: 6/12
  1986 | D:2      | Learned a level 4 spell: Airstrike
  2177 | D:3      | Killed from afar by an orc wizard

Vault maps used:
D:1:      lightli_arrival_statuegarden, serial_bayou_pond_a
D:2:      minmay_ruptured
D:3:      first_bread, kennysheep_orc_chapel

Skill      XL: |  1  2  3  4 |
---------------+-------------+-----
Spellcasting   | 4 |  4.3
Stealth        | 3 |  3.2
Conjurations   | 2 |  2.1
Air Magic      | 4 |  4.0
Dodging        | |  2.8

Action                   |  1- 3 |  4- 6 || total
-------------------------+-------+-------++-------
Melee: Short sword       |     2 |     4 ||     6
 Cast: Shock             |    85 |    27 ||   112
       Static Discharge  |     2 |     3 ||     5
  Use: Scroll            |       |     1 ||     1
 Stab: Sleeping          |       |     1 ||     1
  Eat: Chunk             |     1 |     3 ||     4
Armor: Robe              |       |     1 ||     1
Dodge: Dodged            |    17 |     6 ||    23
